 Dungeon Crawl Stone Soup version 0.31-a0-237-g2d982f9f85 (webtiles) character file.

Game seed: 12166725018223620458

176 qw the Shooter (level 5, -4/45 HPs)
             Began as a Minotaur Hexslinger on July 11, 2023.
             Slain by an iguana (13 damage)
             ... on level 4 of the Dungeon.
             The game lasted 00:01:03 (2509 turns).

qw the Shooter (Minotaur Hexslinger)                Turns: 2509, Time: 00:01:03

Health: -4/45      AC:  3    Str: 12    XL:     5   Next: 30%
Magic:  5/5        EV: 12    Int: 10    God:
Gold:   80         SH:  0    Dex: 15    Spells: 5/6 levels left

rFire   + . .        Y - +2 sling
rCold   . . .        (no shield)
rNeg    . . .        c - +0 leather armour {rF+}
rPois   .            (helmet restricted)
rElec   .            (no cloak)
rCorr   .            (no gloves)
SInv    .            (no boots)
Will    .....        (no amulet)
Stlth   +            (no ring)
HPRegen 0.27/turn    (no ring)
MPRegen 0.09/turn

%: no passive effects
@: no status effects
A: horns 2, retaliatory headbutt
a: no special abilities


You were on level 4 of the Dungeon.
You visited 1 branch of the dungeon, and saw 4 of its levels.

You collected 164 gold pieces.
You spent 84 gold pieces at shops.


Innate Abilities, Weirdness & Mutations

You have a pair of horns on your head.
You reflexively headbutt those who attack you in melee.


   Skills:
 - Level 3.0 Fighting
 + Level 5.3 Ranged Weapons
 - Level 1.4 Armour
 - Level 2.1 Dodging
 - Level 1.0 Spellcasting
 - Level 2.0 Hexes


You had 5 spell levels left.
You knew the following spells:

 Your Spells              Type           Power      Damage    Failure   Level
a - Slow                  Hex            16%        N/A       19%         1

Your spell library contained the following spells:

 Spells                   Type           Power      Damage    Failure   Level
 Inner Flame              Hex/Fire       2%         N/A       65%         3
 Portal Projectile        Hex/Tloc       4%         N/A       65%         3
 Cause Fear               Hex            2%         N/A       88%         4

Inventory:

Hand Weapons
 Y - a +2 sling (weapon)
Armour
 c - a +0 leather armour of fire resistance (worn)
 h - a +0 ring mail
Scrolls
 b - a scroll of identify
Potions
 d - a potion of curing
 l - a potion of haste
 n - a potion of enlightenment {unknown}

Dungeon Overview and Level Annotations

Branches:
Dungeon (4/15)
 Temple: D:4-7

Altars:
Cheibriados
Kikubaaqudgha
Sif Muna
Wu Jian

Shops:
D:2 ([?


Message History

You climb downwards.
There is a stone staircase leading up here.
An iguana comes into view.
You shoot a sling bullet. The sling bullet hits the iguana.
The iguana hisses angrily.
The iguana is moderately wounded.
You shoot a sling bullet.
The sling bullet hits the iguana but does no damage.
The iguana is moderately wounded.
You shoot a sling bullet. The sling bullet hits the iguana.
The iguana is heavily wounded.
The iguana bites you! The iguana barely misses you.
You shoot a sling bullet.
The sling bullet hits the iguana but does no damage.
The iguana is heavily wounded.
The iguana closely misses you.
You shoot a sling bullet.
The sling bullet closely misses the iguana.
The iguana barely misses you.
You shoot a sling bullet.
The sling bullet hits the iguana but does no damage.
The iguana is heavily wounded.
The iguana completely misses you.
You shoot a sling bullet. The sling bullet hits the iguana.
The iguana is heavily wounded.
The iguana bites you.
You shoot a sling bullet. The sling bullet hits the iguana.
The iguana is severely wounded.
The iguana barely misses you.
You shoot a sling bullet.
The sling bullet hits the iguana but does no damage.
The iguana is severely wounded.
The iguana bites you! x2
You shoot a sling bullet. The sling bullet hits the iguana.
The iguana is almost dead.
The iguana bites you.
You shoot a sling bullet.
The sling bullet closely misses the iguana.
The iguana bites you!
You die...

###.#####.####.#
###...##....[..>...
#(.......##.####.##
#.#......<..# #
##.##.##### #....#
# ####.# #.#####.#
#.l@....#
#..#####.# #.. #.#
#. #.# # #.# #.#
#.. #.#


You could see an iguana.

Vanquished Creatures
  An orc priest (D:3)
  2 orc wizards
  4 adders (D:2)
  2 worms
  A dart slug (D:2)
  5 orcs
  4 ball pythons
  3 endoplasms
  A giant cockroach (D:1)
  5 goblins
  6 hobgoblins
  2 quokkas
  5 bats
  2 frilled lizards
  5 kobolds
  6 rats
54 creatures vanquished.

Notes
Turn   | Place    | Note
-------+----------+-------------------------------------------
     0 | D:1      | qw the Minotaur Hexslinger began the quest for the Orb.
     0 | D:1      | Reached XP level 1. HP: 16/16 MP: 1/1
     0 | D:1      | 0 ||| qw: Version: 0.3-a-52-g30416fa
     0 | D:1      | 0 ||| qw: Game counter: 5495
     0 | D:1      | 0 ||| qw: Melee chars always use a shield: true
     0 | D:1      | 0 ||| qw: God list: Okawaru
     0 | D:1      | 0 ||| qw: Allow faded altars: false
     0 | D:1      | 0 ||| qw: Do Orc after clearing Dungeon:15 true
     0 | D:1      | 0 ||| qw: Do second Lair branch before Depths: true
     0 | D:1      | 0 ||| qw: Lair rune preference: random
     0 | D:1      | 0 ||| qw: Goals: Normal
     0 | D:1      | 0 ||| PLANNING D:1-11
   108 | D:1      | Reached skill level 3 in Ranged Weapons
   108 | D:1      | Reached XP level 2. HP: 23/23 MP: 2/2
   474 | D:1      | 474 ||| UPGRADING to +0 ring mail.
   484 | D:1      | 484 ||| DROPPING +0 robe.
   485 | D:1      | 485 ||| READING scroll labelled WIJALU MEOLY.
   486 | D:1      | 486 ||| READING scroll labelled BEPNAE LOBAARPH.
   487 | D:1      | 487 ||| READING scroll labelled USENAAJURY.
   491 | D:1      | 491 ||| READING scroll labelled GILOSI JUSABRA.
   492 | D:1      | 492 ||| READING scroll labelled WUM HA KOCA.
   493 | D:1      | 493 ||| READING scroll labelled NYOLEGEVAF.
   494 | D:1      | 494 ||| DRINKING 2 lumpy grey potions.
   495 | D:1      | 495 ||| DROPPING scroll of poison.
   496 | D:1      | 496 ||| DROPPING potion of degeneration.
   569 | D:2      | HP: 5/24 [poisoned by an adder]
   571 | D:2      | Reached XP level 3. HP: 6/29 MP: 3/3
   571 | D:2      | 571 ||| FLEEEEING.
   572 | D:2      | 572 ||| FLEEEEING.
   573 | D:2      | 573 ||| FLEEEEING.
   574 | D:2      | 574 ||| FLEEEEING.
   575 | D:2      | 575 ||| FLEEEEING.
   577 | D:2      | 577 ||| FLEEEEING.
   578 | D:2      | 578 ||| FLEEEEING.
   579 | D:2      | 579 ||| FLEEEEING.
   580 | D:2      | 580 ||| FLEEEEING.
   582 | D:2      | 582 ||| FLEEEEING.
   583 | D:2      | 583 ||| FLEEEEING.
   584 | D:2      | 584 ||| FLEEEEING.
   585 | D:2      | 585 ||| FLEEEEING.
   586 | D:2      | 586 ||| FLEEEEING.
   587 | D:2      | 587 ||| FLEEEEING.
   588 | D:2      | 588 ||| FLEEEEING.
   589 | D:2      | 589 ||| FLEEEEING.
   590 | D:2      | 590 ||| FLEEEEING.
   592 | D:2      | 592 ||| FLEEEEING.
   593 | D:2      | 593 ||| FLEEEEING.
   594 | D:2      | 594 ||| FLEEEEING.
   595 | D:2      | 595 ||| FLEEEEING.
   596 | D:2      | 596 ||| FLEEEEING.
   597 | D:2      | 597 ||| FLEEEEING.
   598 | D:2      | 598 ||| FLEEEEING.
   599 | D:2      | 599 ||| FLEEEEING.
   600 | D:2      | 600 ||| FLEEEEING.
   601 | D:2      | 601 ||| FLEEEEING.
   602 | D:2      | 602 ||| FLEEEEING.
   603 | D:2      | 603 ||| FLEEEEING.
   604 | D:2      | 604 ||| STAIRDANCE
   729 | D:2      | 729 ||| FLEEEEING.
   733 | D:2      | 733 ||| FLEEEEING.
   734 | D:2      | 734 ||| FLEEEEING.
   735 | D:2      | 735 ||| FLEEEEING.
   748 | D:2      | Reached skill level 4 in Ranged Weapons
   829 | D:2      | Found a faded altar of an unknown god.
   837 | D:2      | Found a shimmering blue altar of Sif Muna.
   990 | D:2      | Found Jutim's Magic Scroll Boutique.
   993 | D:2      | 993 ||| BUYING scroll of identify (28 gold).
   993 | D:2      | Bought a scroll of identify for 28 gold pieces
   993 | D:2      | 993 ||| BUYING scroll of identify (28 gold).
   993 | D:2      | Bought a scroll of identify for 28 gold pieces
   993 | D:2      | 993 ||| BUYING scroll of identify (28 gold).
   993 | D:2      | Bought a scroll of identify for 28 gold pieces
   993 | D:2      | 993 ||| SHOPLISTING scroll of identify (28 gold, have 20).
   993 | D:2      | 993 ||| SHOPLISTING scroll of teleportation (42 gold, have
                  | 20).
  1036 | D:2      | Reached skill level 1 in Armour
  1153 | D:2      | Found Nebiocw's Armour Shop.
  1159 | D:2      | Reached XP level 4. HP: 34/36 MP: 4/4
  1178 | D:2      | Found Aluly's Weapon Emporium.
  1186 | D:2      | 1186 ||| SHOPLISTING +2 sling of freezing (176 gold, have
                  | 39).
  1199 | D:2      | 1199 ||| SHOPLISTING +0 ring mail of Somewhere Else {rC+}
                  | (180 gold, have 39).
  1199 | D:2      | 1199 ||| SHOPLISTING +1 ring mail of fire resistance (160
                  | gold, have 39).
  1199 | D:2      | 1199 ||| SHOPLISTING +1 troll leather armour (220 gold,
                  | have 39).
  1199 | D:2      | 1199 ||| SHOPLISTING +2 leather armour of poison resistance
                  | (160 gold, have 39).
  1361 | D:2      | 1361 ||| UPGRADING to +0 leather armour of fire resistance.
  1371 | D:2      | 1371 ||| READING scroll labelled WASCHA KOUSEUR.
  1372 | D:2      | 1372 ||| READING 3 scrolls of identify.
  1372 | D:2      | 1372 ||| IDENTIFYING metallic clear potion
  1373 | D:2      | 1373 ||| READING 2 scrolls of identify.
  1373 | D:2      | 1373 ||| IDENTIFYING amethyst potion
  1374 | D:2      | 1374 ||| DROPPING potion of lignification.
  1552 | D:3      | 1552 ||| FLEEEEING.
  1553 | D:3      | 1553 ||| STAIRDANCE
  1611 | D:2      | 1611 ||| DRINKING 2 pink potions.
  1621 | D:3      | 1621 ||| STAIRDANCE
  1623 | D:3      | 1623 ||| STAIRDANCE
  1625 | D:3      | 1625 ||| STAIRDANCE
  1627 | D:2      | 1627 ||| DRINKING potion of curing.
  1627 | D:2      | 1627 ||| (to cure confusion)
  1639 | D:2      | HP: 9/36 [something (1)]
  1644 | D:2      | HP: 8/36 [orc wizard/puff of flame (3)]
  1645 | D:2      | 1645 ||| DRINKING potion of heal wounds.
  1651 | D:2      | Reached skill level 5 in Ranged Weapons
  1707 | D:3      | Reached XP level 5. HP: 41/41 MP: 5/5
  1886 | D:3      | Identified the +8 mace of Hepliaklqana's Hope {vamp, rF-
                  | Will- Str+8 Int+3}
  2091 | D:3      | Found a faded altar of an unknown god.
  2091 | D:3      | Found an ornate altar of the Wu Jian Council.
  2099 | D:3      | Found a snail-covered altar of Cheibriados.
  2101 | D:3      | Found a faded altar of an unknown god.
  2103 | D:3      | Found an ancient bone altar of Kikubaaqudgha.
  2189 | D:3      | 2189 ||| READING 2 scrolls of identify.
  2189 | D:3      | 2189 ||| IDENTIFYING red potion
  2246 | D:4      | 2246 ||| FLEEEEING.
  2247 | D:4      | 2247 ||| FLEEEEING.
  2248 | D:4      | 2248 ||| FLEEEEING.
  2249 | D:4      | 2249 ||| FLEEEEING.
  2250 | D:4      | 2250 ||| STAIRDANCE
  2255 | D:3      | Reached skill level 3 in Fighting
  2301 | D:4      | 2301 ||| STAIRDANCE
  2308 | D:3      | HP: 8/45 [worm (8)]
  2309 | D:3      | 2309 ||| READING scroll of teleportation.
  2508 | D:4      | HP: 9/45 [iguana (3)]
  2509 | D:4      | Slain by an iguana

Levels and vault maps discovered:
D:1:      co_arrival_square_in_a_square_in_a_square, layout_rooms,
          minmay_curled_crystal, minmay_split_cup_large
D:2:      layout_loops_ring, basic_altar, shapermc_ecumenical_altar_ellora,
          serial_shops, shop, nicolae_shop_tiny_waterfront, nicolae_shop_trees
D:3:      minmay_wonky_spiral, layout_basic, chequers_temple_overflow_minitemple
D:4:      layout_loops_cross, old_standard_altar, serial_shops, shop,
          minmay_misc_feat_nine_boxes, minmay_ruptured

Skill      XL: |  1  2  3  4  5 |
---------------+----------------+-----
Ranged Weapons | 3 4 5 |  5.3
Fighting       | 2 3 |  3.0
Armour         | 1 |  1.4
Dodging        | |  2.1
Spellcasting   | |  1.0
Hexes          | |  2.0

Action                     |  1- 3 |  4- 6 || total
---------------------------+-------+-------++-------
   Fire: Sling             |    91 |    85 ||   176
    Use: Scroll            |     6 |     5 ||    11
         Potion            |     1 |     3 ||     4
 Armour: Robe              |     4 |       ||     4
         Ring mail         |     9 |       ||     9
         Leather armour    |       |    11 ||    11
  Dodge: Dodged            |    26 |    14 ||    40

Table legend:
 A = Non-vault XP
 B = Vault XP
 C = Vault XP percentage of total XP
 D = Non-vault monster count
 E = Vault monster count
 F = Vault count percentage of total count
                 A         B        C        D         E       F
            +---------+---------+-------+---------+---------+-------
      Total |     243 |       9 |   3.6 |      49 |       5 |   9.3
            +---------+---------+-------+---------+---------+-------
        D:1 |      23 |       7 |  23.3 |      15 |       4 |  21.1
        D:2 |     110 |       0 |   0.0 |      15 |       0 |   0.0
        D:3 |     104 |       2 |   1.9 |      17 |       1 |   5.6
        D:4 |       6 |       0 |   0.0 |       2 |       0 |   0.0
            +---------+---------+-------+---------+---------+-------
